| TOP OF THE 1ST |
|
Atlanta Braves batting - Pitching for Montreal Expos : RHP Antonio Atayde
|
|
Pitching: RHP Antonio Atayde
|
|
|
Batting: LHB Brett Butler
|
0-0: Ball 1-0: Swinging Strike 1-1: Ball 2-1: Foul Ball, location: 2F 2-2: Ground out U3 (Groundball, 3, EV 83.1 MPH)
|
|
Batting: LHB Joe L Morgan
|
0-0: Called Strike 0-1: Ball 1-1: Ball 2-1: Ball 3-1: Base on Balls
|
|
Batting: SHB Tony Fernandez
|
0-0: Called Strike 0-1: Hit by Pitch Joe L Morgan to second
|
|
Batting: LHB Karl Pagel
|
0-0: Swinging Strike 0-1: Grounds into double play, 3-6-3 (Groundball, 3, EV 96.3 MPH)
|
| Top of the 1st over - 0 runs, 0 hits, 0 errors, 1 left on base; Atlanta 0 - Montreal 0 |
| BOTTOM OF THE 1ST |
|
Montreal Expos batting - Pitching for Atlanta Braves : RHP Gary Serum
|
|
Pitching: RHP Gary Serum
|
|
|
Batting: LHB Duane Walker
|
0-0: Ball 1-0: Fly out, F8 (Line Drive, 8RD, EV 91.3 MPH)
|
|
Batting: SHB Garry Templeton
|
0-0: Fly out, F9 (Flyball, 9, EV 91.3 MPH)
|
|
Batting: LHB Kirk Gibson
|
0-0: Ball 1-0: Swinging Strike 1-1: Called Strike 1-2: Fly out, F8 (Flyball, 8LD, EV 97.5 MPH)
|
| Bottom of the 1st over - 0 runs, 0 hits, 0 errors, 0 left on base; Atlanta 0 - Montreal 0 |
| TOP OF THE 2ND |
|
Atlanta Braves batting - Pitching for Montreal Expos : RHP Antonio Atayde
|
|
Batting: LHB Leon Durham
|
0-0: Ball 1-0: Foul Ball, location: 2F 1-1: Fly out, F2 (Popup, 25F, EV 85.0 MPH)
|
|
Batting: LHB Mike Hargrove
|
0-0: Ball 1-0: Ground out 3-1 (Groundball, 34S, EV 86.3 MPH)
|
|
Batting: LHB Mike Scioscia
|
0-0: Ball 1-0: Foul Ball, location: 2F 1-1: Ball 2-1: SINGLE (Groundball, 6M, EV 100.6 MPH)
|
|
Batting: RHB Tom Veryzer
|
0-0: Ball 1-0: Ground out 4-3 (Groundball, 34D, EV 103.8 MPH)
|
| Top of the 2nd over - 0 runs, 1 hit, 0 errors, 1 left on base; Atlanta 0 - Montreal 0 |
| BOTTOM OF THE 2ND |
|
Montreal Expos batting - Pitching for Atlanta Braves : RHP Gary Serum
|
|
Batting: RHB Dale Murphy
|
0-0: Ball 1-0: Called Strike 1-1: Foul Ball, location: 2F 1-2: Ball 2-2: Ball 3-2: Ground out 6-3 (Groundball, 6, EV 91.3 MPH)
|
|
Batting: LHB Guonçalo Fernandes
|
0-0: Ball 1-0: Foul Ball, location: 2F 1-1: Ball 2-1: Ball 3-1: Foul Ball, location: 2F 3-2: Foul Ball, location: 2F 3-2: Foul Ball, location: 2F 3-2: Foul Ball, location: 2F 3-2: Foul Ball, location: 2F 3-2: Ground out 6-3 (Groundball, 6M, EV 100.0 MPH)
|
|
Batting: LHB Ernesto Quevedo
|
0-0: Called Strike 0-1: Fly out, F8 (Flyball, 8RD, EV 106.3 MPH)
|
| Bottom of the 2nd over - 0 runs, 0 hits, 0 errors, 0 left on base; Atlanta 0 - Montreal 0 |
| TOP OF THE 3RD |
|
Atlanta Braves batting - Pitching for Montreal Expos : RHP Antonio Atayde
|
|
Batting: RHB Gary Serum
|
0-0: Foul Ball, location: 2F 0-1: Ball 1-1: Foul Ball, location: 2F 1-2: Ball 2-2: Strikes out swinging
|
|
Batting: LHB Brett Butler
|
0-0: Ball 1-0: Ball 2-0: Bunt for hit to 3S - play at first, batter OUT! 3-4
|
|
Batting: LHB Joe L Morgan
|
0-0: Ball 1-0: Foul Ball, location: 2F 1-1: Ball 2-1: Foul Ball, location: 2F 2-2: DOUBLE (Groundball, 3L, EV 105.0 MPH)
|
|
Batting: SHB Tony Fernandez
|
0-0: Ball 1-0: Fly out, F8 (Flyball, 8LM, EV 87.5 MPH)
|
| Top of the 3rd over - 0 runs, 1 hit, 0 errors, 1 left on base; Atlanta 0 - Montreal 0 |
| BOTTOM OF THE 3RD |
|
Montreal Expos batting - Pitching for Atlanta Braves : RHP Gary Serum
|
|
Batting: SHB Biff Pocoroba
|
0-0: Foul Ball, location: 2F 0-1: Called Strike 0-2: Ball 1-2: Ball 2-2: Ball 3-2: SINGLE (Groundball, 6MD, EV 98.1 MPH)
|
|
Batting: SHB Alex Ortiz
|
0-0: Ball 1-0: Ball Wild Pitch! Biff Pocoroba to second 2-0: Called Strike 2-1: Ball 3-1: Swinging Strike 3-2: Ground out 4-3 (Groundball, 4, EV 80.6 MPH) Biff Pocoroba to third
|
|
Batting: RHB Antonio Atayde
|
0-0: Ground out 4-3 (Groundball, 4MS, EV 90.0 MPH)
|
|
Batting: LHB Duane Walker
|
0-0: Called Strike 0-1: Foul Ball, location: 2F 0-2: Foul Ball, location: 2F 0-2: Fly out, F9 (Flyball, 9S, EV 85.0 MPH)
|
| Bottom of the 3rd over - 0 runs, 1 hit, 0 errors, 1 left on base; Atlanta 0 - Montreal 0 |
| TOP OF THE 4TH |
|
Atlanta Braves batting - Pitching for Montreal Expos : RHP Antonio Atayde
|
|
Batting: LHB Karl Pagel
|
0-0: Ball 1-0: Ground out 4-3 (Groundball, 34D, EV 87.5 MPH)
|
|
Batting: LHB Leon Durham
|
0-0: Ball 1-0: SINGLE (Flyball, 3D, EV 95.6 MPH)
|
|
Batting: LHB Mike Hargrove
|
0-0: Called Strike 0-1: Ball 1-1: Ball Wild Pitch! Leon Durham to second 2-1: Swinging Strike 2-2: SINGLE (Line Drive, 34D, EV 99.4 MPH) Leon Durham to third Runner from 3rd tries for Home, SAFE, throw by RF to home Mike Hargrove to second
|
|
Batting: LHB Mike Scioscia
|
0-0: Foul Ball, location: 2F 0-1: Ball 1-1: Fly out, F8 (Line Drive, 8RD, EV 91.9 MPH)
|
|
Batting: RHB Tom Veryzer
|
0-0: SINGLE (Groundball, 6MD, EV 104.4 MPH) Mike Hargrove to third Runner from 3rd tries for Home, SAFE, throw by CF to home
|
|
Batting: RHB Gary Serum
|
0-0: Fielders Choice at 2nd, U4 (Groundball, 4M, EV 91.3 MPH)
|
| Top of the 4th over - 2 runs, 3 hits, 0 errors, 1 left on base; Atlanta 2 - Montreal 0 |
| BOTTOM OF THE 4TH |
|
Montreal Expos batting - Pitching for Atlanta Braves : RHP Gary Serum
|
|
Batting: SHB Garry Templeton
|
0-0: Called Strike 0-1: Ball 1-1: Ball 2-1: Ball 3-1: Base on Balls
|
|
Batting: LHB Kirk Gibson
|
0-0: Foul Ball, location: 2F 0-1: Ball 1-1: Foul Ball, location: 2F 1-2: Ball 2-2: Ball 3-2: Fly out, F7 (Flyball, 7LD, EV 90.0 MPH)
|
|
Batting: RHB Dale Murphy
|
0-0: Ball 1-0: Ball 2-0: Called Strike 2-1: Ball 3-1: Base on Balls Garry Templeton to second
|
|
Batting: LHB Guonçalo Fernandes
|
0-0: Ball 1-0: Fielders Choice at 2nd, 6-4 (Groundball, 6M, EV 85.0 MPH) Garry Templeton to third
|
|
Batting: LHB Ernesto Quevedo
|
0-0: Ball Passed Ball! Garry Templeton scores Guonçalo Fernandes to second 1-0: Ball 2-0: DOUBLE (Groundball, 3L, EV 98.8 MPH) Guonçalo Fernandes scores
|
|
Batting: SHB Biff Pocoroba
|
0-0: Called Strike 0-1: Foul Ball, location: 2F 0-2: Ball 1-2: Ground out 3-1 (Groundball, 34, EV 85.0 MPH)
|
| Bottom of the 4th over - 2 runs, 1 hit, 0 errors, 1 left on base; Atlanta 2 - Montreal 2 |
| TOP OF THE 5TH |
|
Atlanta Braves batting - Pitching for Montreal Expos : RHP Antonio Atayde
|
|
Batting: LHB Brett Butler
|
0-0: Foul Ball, location: 2F 0-1: Ball 1-1: Ball 2-1: Foul Ball, location: 2F 2-2: Strikes out looking
|
|
Batting: LHB Joe L Morgan
|
0-0: Ball 1-0: Called Strike 1-1: Called Strike 1-2: Foul Ball, location: 2F 1-2: Strikes out looking
|
|
Batting: SHB Tony Fernandez
|
0-0: Swinging Strike 0-1: Fly out, F5 (Line Drive, 5, EV 73.8 MPH)
|
| Top of the 5th over - 0 runs, 0 hits, 0 errors, 0 left on base; Atlanta 2 - Montreal 2 |
| BOTTOM OF THE 5TH |
|
Montreal Expos batting - Pitching for Atlanta Braves : RHP Gary Serum
|
|
Batting: SHB Alex Ortiz
|
0-0: Ball 1-0: Ball 2-0: Swinging Strike 2-1: Ground out 1-3 (Groundball, 13, EV 72.5 MPH)
|
|
Batting: RHB Antonio Atayde
|
0-0: Ball 1-0: Ground out 6-3 (Groundball, 6, EV 85.6 MPH)
|
|
Batting: LHB Duane Walker
|
0-0: Ball 1-0: Ground out 4-3 (Groundball, 4M, EV 101.3 MPH)
|
| Bottom of the 5th over - 0 runs, 0 hits, 0 errors, 0 left on base; Atlanta 2 - Montreal 2 |
| TOP OF THE 6TH |
|
Atlanta Braves batting - Pitching for Montreal Expos : RHP Antonio Atayde
|
|
Batting: LHB Karl Pagel
|
0-0: Ball 1-0: Swinging Strike 1-1: Swinging Strike 1-2: Strikes out looking
|
|
Batting: LHB Leon Durham
|
0-0: Called Strike 0-1: Swinging Strike 0-2: Ball 1-2: Ball 2-2: Ball 3-2: Strikes out looking
|
|
Batting: LHB Mike Hargrove
|
0-0: Called Strike 0-1: Called Strike 0-2: Ball 1-2: Foul Ball, location: 2F 1-2: Ball 2-2: Ball 3-2: SINGLE (Line Drive, 7S, EV 109.4 MPH)
|
|
Pinch Runner at 1st UL Washington:
|
|
|
Batting: LHB Mike Scioscia
|
0-0: Swinging Strike 0-1: Ball 1-1: Foul Ball, location: 2F 1-2: Ball UL Washington steals 2nd base (no throw) 2-2: Foul Ball, location: 2F 2-2: Ball 3-2: Foul Ball, location: 2F 3-2: Foul Ball, location: 2F 3-2: Foul Ball, location: 2F 3-2: Foul Ball, location: 2F 3-2: DOUBLE (Groundball, 5L, EV 98.1 MPH) UL Washington scores
|
|
Batting: RHB Tom Veryzer
|
0-0: Intentional Walk
|
|
Batting: RHB Gary Serum
|
0-0: Fly out, F5 (Popup, 5SF, EV 78.1 MPH)
|
| Top of the 6th over - 1 run, 2 hits, 0 errors, 2 left on base; Atlanta 3 - Montreal 2 |
| BOTTOM OF THE 6TH |
|
Montreal Expos batting - Pitching for Atlanta Braves : RHP Gary Serum
|
|
Now at 1B: Guy Sularz
|
|
|
Batting: SHB Garry Templeton
|
0-0: Ball 1-0: Swinging Strike 1-1: Ground out 6-3 (Groundball, 6, EV 88.8 MPH)
|
|
Batting: LHB Kirk Gibson
|
0-0: Ball 1-0: Called Strike 1-1: Foul Ball, location: 2F 1-2: Ground out 4-3 (Groundball, 34D, EV 85.6 MPH)
|
|
Batting: RHB Dale Murphy
|
0-0: Ball 1-0: Ball 2-0: Ball 3-0: Base on Balls
|
|
Batting: LHB Guonçalo Fernandes
|
0-0: Ball 1-0: Ball 2-0: Ball 3-0: Called Strike 3-1: Fly out, F2 (Popup, 5SF, EV 80.0 MPH)
|
| Bottom of the 6th over - 0 runs, 0 hits, 0 errors, 1 left on base; Atlanta 3 - Montreal 2 |
| TOP OF THE 7TH |
|
Atlanta Braves batting - Pitching for Montreal Expos : RHP Antonio Atayde
|
|
Batting: LHB Brett Butler
|
0-0: Ball 1-0: Swinging Strike 1-1: Fly out, F7 (Flyball, 7, EV 87.5 MPH)
|
|
Batting: LHB Joe L Morgan
|
0-0: Swinging Strike 0-1: Ball 1-1: Called Strike 1-2: Strikes out looking
|
|
Batting: SHB Tony Fernandez
|
0-0: Called Strike 0-1: Ball 1-1: Ball 2-1: Ground out 4-3 (Groundball, 4, EV 86.9 MPH)
|
| Top of the 7th over - 0 runs, 0 hits, 0 errors, 0 left on base; Atlanta 3 - Montreal 2 |
| BOTTOM OF THE 7TH |
|
Montreal Expos batting - Pitching for Atlanta Braves : RHP Gary Serum
|
|
Batting: LHB Ernesto Quevedo
|
0-0: Ball 1-0: Called Strike 1-1: Swinging Strike 1-2: Foul Ball, location: 2F 1-2: Foul Ball, location: 2F 1-2: Ground out 5-3 (Groundball, 56, EV 85.6 MPH)
|
|
Batting: SHB Biff Pocoroba
|
0-0: Ball 1-0: Called Strike 1-1: Ground out 4-3 (Groundball, 4S, EV 85.6 MPH)
|
|
Batting: SHB Alex Ortiz
|
0-0: Ball 1-0: Ground out 6-3 (Groundball, 56S, EV 61.3 MPH)
|
| Bottom of the 7th over - 0 runs, 0 hits, 0 errors, 0 left on base; Atlanta 3 - Montreal 2 |
| TOP OF THE 8TH |
|
Atlanta Braves batting - Pitching for Montreal Expos : RHP Antonio Atayde
|
|
Batting: LHB Karl Pagel
|
0-0: Called Strike 0-1: Ball 1-1: Ball 2-1: Swinging Strike 2-2: Strikes out swinging
|
|
Batting: LHB Leon Durham
|
0-0: Ball 1-0: Ball 2-0: Ground out 5-3 (Groundball, 56, EV 85.6 MPH)
|
|
Batting: RHB Guy Sularz
|
0-0: Ball 1-0: Foul Ball, location: 2F 1-1: Ball 2-1: Fly out, F9 (Flyball, 89S, EV 88.1 MPH)
|
| Top of the 8th over - 0 runs, 0 hits, 0 errors, 0 left on base; Atlanta 3 - Montreal 2 |
| BOTTOM OF THE 8TH |
|
Montreal Expos batting - Pitching for Atlanta Braves : RHP Gary Serum
|
|
Pinch Hitting: RHB Luis Sanchez
|
0-0: Foul Ball, location: 2F 0-1: Ball 1-1: Ball 2-1: Ball 3-1: SINGLE (Line Drive, 89M, EV 108.8 MPH)
|
|
Pitching: RHP Charlie Lea
|
|
|
Now at 1B: Brent Hillenga
|
|
|
Batting: LHB Duane Walker
|
0-0: Ball 1-0: Called Strike 1-1: Ball 2-1: Fly out, F8 (Flyball, 89XD, EV 103.8 MPH)
|
|
Batting: SHB Garry Templeton
|
0-0: Ball 1-0: SINGLE (Groundball, 34, EV 93.8 MPH) Luis Sanchez to second Runner from 2nd tries for 3rd, SAFE, no throw by RF
|
|
Batting: LHB Kirk Gibson
|
0-0: Ball 1-0: Swinging Strike 1-1: SINGLE (Line Drive, 78S, EV 91.3 MPH) Luis Sanchez scores Garry Templeton to second Runner from 2nd tries for 3rd, SAFE, throw by CF made to third
|
|
Batting: RHB Dale Murphy
|
0-0: Ball 1-0: Ball 2-0: Ball 3-0: Called Strike 3-1: Foul Ball, location: 2F 3-2: Foul Ball, location: 2F 3-2: Strikes out swinging
|
|
Batting: LHB Guonçalo Fernandes
|
0-0: Ball 1-0: Called Strike 1-1: Foul Ball, location: 2F 1-2: Fly out, F7 (Flyball, 78M, EV 90.0 MPH)
|
| Bottom of the 8th over - 1 run, 3 hits, 0 errors, 2 left on base; Atlanta 3 - Montreal 3 |
| TOP OF THE 9TH |
|
Atlanta Braves batting - Pitching for Montreal Expos : RHP Antonio Atayde
|
|
Pitching: LHP Bob Ojeda
|
|
|
Now in RF: Luis Sanchez
|
|
|
Batting: LHB Mike Scioscia
|
0-0: Ball 1-0: Called Strike 1-1: Swinging Strike 1-2: Ball 2-2: Strikes out swinging
|
|
Batting: RHB Tom Veryzer
|
0-0: Called Strike 0-1: Ball 1-1: Ground out 1-3 (Groundball, 13S, EV 73.1 MPH)
|
|
Batting: LHB Brent Hillenga
|
0-0: Called Strike 0-1: SINGLE (Groundball, 34D, EV 111.3 MPH)
|
|
Batting: LHB Brett Butler
|
0-0: SINGLE (Groundball, 4M, EV 108.8 MPH) (infield hit) Brent Hillenga to second
|
|
Batting: LHB Joe L Morgan
|
0-0: Swinging Strike 0-1: Swinging Strike 0-2: Strikes out swinging
|
| Top of the 9th over - 0 runs, 2 hits, 0 errors, 2 left on base; Atlanta 3 - Montreal 3 |
| BOTTOM OF THE 9TH |
|
Montreal Expos batting - Pitching for Atlanta Braves : RHP Charlie Lea
|
|
Batting: LHB Ernesto Quevedo
|
0-0: SINGLE (Flyball, 4D, EV 85.0 MPH)
|
|
Pinch Hitting: RHB Dave Winfield
|
0-0: Grounds into double play, 6-4-3 (Groundball, 6, EV 91.3 MPH)
|
|
Pinch Hitting: LHB Timnothy Meyer
|
0-0: Called Strike 0-1: Ball 1-1: Foul Ball, location: 2F 1-2: Ball 2-2: Foul Ball, location: 2F 2-2: Ball 3-2: Ground out 4-3 (Groundball, 4, EV 81.9 MPH)
|
| Bottom of the 9th over - 0 runs, 1 hit, 0 errors, 0 left on base; Atlanta 3 - Montreal 3 |
| TOP OF THE 10TH |
|
Atlanta Braves batting - Pitching for Montreal Expos : LHP Bob Ojeda
|
|
Now at C: Orlando Sanchez
|
|
|
Now at 2B: Timnothy Meyer
|
|
|
Batting: SHB Tony Fernandez
|
0-0: Ball 1-0: SINGLE (Line Drive, 7S, EV 104.4 MPH)
|
|
Batting: LHB Karl Pagel
|
0-0: Ball 1-0: Ball 2-0: Called Strike 2-1: Called Strike 2-2: Strikes out looking
|
|
Batting: LHB Leon Durham
|
0-0: Called Strike 0-1: Ball 1-1: Foul Ball, location: 2F 1-2: Ball 2-2: Ball 3-2: Base on Balls Tony Fernandez to second
|
|
Pinch Hitting: LHB Bobby Murcer
|
0-0: Foul Ball, location: 2F 0-1: Ball 1-1: Ball 2-1: Ball 3-1: Base on Balls Tony Fernandez to third Leon Durham to second
|
|
Batting: LHB Mike Scioscia
|
0-0: Foul Ball, location: 2F 0-1: Ball 1-1: Ball 2-1: Ball 3-1: Swinging Strike 3-2: Strikes out swinging
|
|
Batting: RHB Tom Veryzer
|
0-0: Ball 1-0: Called Strike 1-1: Ground out 6-3 (Groundball, 56, EV 95.6 MPH)
|
| Top of the 10th over - 0 runs, 1 hit, 0 errors, 3 left on base; Atlanta 3 - Montreal 3 |
| BOTTOM OF THE 10TH |
|
Montreal Expos batting - Pitching for Atlanta Braves : RHP Charlie Lea
|
|
Pitching: LHP Scott McGregor
|
|
|
Batting: RHB Luis Sanchez
|
0-0: Ball 1-0: Ball 2-0: Called Strike 2-1: Foul Ball, location: 2F 2-2: Ball 3-2: Foul Ball, location: 2F 3-2: Ground out 5-3 (Groundball, 5S, EV 86.9 MPH)
|
|
Batting: LHB Duane Walker
|
0-0: SINGLE (Groundball, 56D, EV 99.4 MPH)
|
|
Batting: SHB Garry Templeton
|
0-0: Ball Duane Walker is caught stealing 2nd base 2-4 1-0: Ball 2-0: Called Strike 2-1: Ground out 5-3 (Groundball, 15, EV 90.0 MPH)
|
| Bottom of the 10th over - 0 runs, 1 hit, 0 errors, 0 left on base; Atlanta 3 - Montreal 3 |
| TOP OF THE 11TH |
|
Atlanta Braves batting - Pitching for Montreal Expos : LHP Bob Ojeda
|
|
Pitching: RHP Terry Leach
|
|
|
Batting: LHB Brent Hillenga
|
0-0: Foul Ball, location: 2F 0-1: Foul Ball, location: 2F 0-2: Ball 1-2: Foul Ball, location: 2F 1-2: Ball 2-2: Foul Ball, location: 2F 2-2: Ball 3-2: Foul Ball, location: 2F 3-2: Fly out, F7 (Flyball, 7LS, EV 93.1 MPH)
|
|
Batting: LHB Brett Butler
|
0-0: Fly out, F8 (Flyball, 78M, EV 80.0 MPH)
|
|
Batting: LHB Joe L Morgan
|
0-0: Fly out, F2 (Popup, 5SF, EV 74.4 MPH)
|
| Top of the 11th over - 0 runs, 0 hits, 0 errors, 0 left on base; Atlanta 3 - Montreal 3 |
| BOTTOM OF THE 11TH |
|
Montreal Expos batting - Pitching for Atlanta Braves : LHP Scott McGregor
|
|
Pinch Hitting: RHB Philip Klimas
|
0-0: Ball 1-0: Ball 2-0: Foul Ball, location: 2F 2-1: Ground out 4-3 (Groundball, 34, EV 105.0 MPH)
|
|
Batting: RHB Dale Murphy
|
0-0: Ball 1-0: DOUBLE (Flyball, 9LD, EV 93.8 MPH)
|
|
Batting: LHB Guonçalo Fernandes
|
0-0: Intentional Walk
|
|
Batting: LHB Ernesto Quevedo
|
0-0: Foul Ball, location: 2F 0-1: Ground out U3 (Groundball, 34S, EV 73.8 MPH) Dale Murphy to third Guonçalo Fernandes to second
|
|
Batting: LHB Orlando Sanchez
|
0-0: Ball 1-0: Ball 2-0: Ball 3-0: Base on Balls
|
|
Batting: LHB Timnothy Meyer
|
0-0: Fly out, F4 (Popup, 4M, EV 56.9 MPH)
|
| Bottom of the 11th over - 0 runs, 1 hit, 0 errors, 3 left on base; Atlanta 3 - Montreal 3 |
| TOP OF THE 12TH |
|
Atlanta Braves batting - Pitching for Montreal Expos : RHP Terry Leach
|
|
Pitching: RHP Anthony Dumaw
|
|
|
Batting: SHB Tony Fernandez
|
0-0: Ball 1-0: Called Strike 1-1: Ball 2-1: Foul Ball, location: 2F 2-2: SINGLE (Groundball, 4MS, EV 71.3 MPH) (infield hit)
|
|
Batting: LHB Karl Pagel
|
0-0: Ball 1-0: Ball 2-0: Called Strike 2-1: Called Strike 2-2: Strikes out swinging
|
|
Batting: LHB Leon Durham
|
0-0: Ball 1-0: Swinging Strike 1-1: Fly out, F1 (Popup, 15, EV 81.9 MPH)
|
|
Pinch Hitting: RHB Gil Flores
|
0-0: Called Strike Tony Fernandez steals 2nd base 0-1: Ball 1-1: Foul Ball, location: 2F 1-2: Ground out 5-3 (Groundball, 56, EV 106.9 MPH)
|
| Top of the 12th over - 0 runs, 1 hit, 0 errors, 1 left on base; Atlanta 3 - Montreal 3 |
| BOTTOM OF THE 12TH |
|
Montreal Expos batting - Pitching for Atlanta Braves : LHP Scott McGregor
|
|
Pitching: RHP Rick Sutcliffe
|
|
|
Batting: RHB Luis Sanchez
|
0-0: Ball 1-0: Called Strike 1-1: Fly out, F8 (Flyball, 8RD, EV 90.0 MPH)
|
|
Batting: LHB Duane Walker
|
0-0: Ball 1-0: Ball 2-0: Ball 3-0: SOLO HOME RUN (Flyball, 9LD, EV 93.1 MPH), Distance : 354 ft
|
| Bottom of the 12th over - 1 run, 1 hit, 0 errors, 0 left on base; Atlanta 3 - Montreal 4 |
|